 Dungeon Crawl Stone Soup version 0.30-a0-331-g8ab09dc110 (console) character file.

Game seed: 4516087230622324821

634 capslocke the Insei (level 7, -1/44 HPs)
             Began as an Octopode Transmuter on Oct 30, 2022.
             Was a Follower of Cheibriados.
             Slain by an orc warrior
             ... wielding a +0 hand axe
              (9 damage)
             ... on level 5 of the Dungeon.
             The game lasted 00:13:31 (3948 turns).

capslocke the Insei (Octopode Transmuter)           Turns: 3948, Time: 00:13:32

Health: -1/44      AC:  1    Str: 13    XL:     7   Next: 49%
Magic:  7/10       EV: 14    Int: 18    God:    Cheibriados [*.....]
Gold:   333        SH:  0    Dex: 14    Spells: 3/10 levels left

rFire   + + .      SeeInvis +      - Unarmed
rCold   . . .      Faith    .    (no shield)
rNeg    . . .      Spirit   .    (helmet restricted)
rPois   .          Reflect  .    (no amulet)
rElec   .          Harm     .    r - ring of see invisible
rCorr   .          Rampage  .    u - ring of protection from fire
Will    .....                    (no ring)
Stlth   ++........               (no ring)
HPRegen 0.27/turn                (no ring)
MPRegen 0.12/turn                (no ring)
                                 (no ring)
                                 (no ring)

@: very slow
A: almost no armour, amphibious, 8 rings, camouflage 1, gelatinous body 1,
(nimble swimmer 1), tentacles, fire resistance 1
a: Renounce Religion, Bend Time


You were on level 5 of the Dungeon.
You worshipped Cheibriados.
Cheibriados was aware of your devotion.
You visited 2 branches of the dungeon, and saw 6 of its levels.

You collected 333 gold pieces.

Inventory:

Missiles
 e - 7 poisoned darts
 o - 3 boomerangs
 q - a throwing net
Jewellery
 r - a ring of see invisible (left tentacle)
 t - a ring of fire
 u - a ring of protection from fire (right tentacle)
Scrolls
 b - a scroll of blinking
 c - 2 scrolls of brand weapon
 g - 3 scrolls of enchant armour
 i - a scroll of magic mapping {unknown}
 j - 3 scrolls of identify {unknown}
 m - a scroll of noise {unknown}
 p - a scroll of teleportation {unknown}
 s - a scroll of immolation {unknown}
Potions
 a - a potion of lignification
 d - a potion of brilliance
 f - a potion of attraction {unknown}
 h - a potion of invisibility {unknown}
 k - a potion of heal wounds {unknown}
 l - 2 potions of mutation
 n - 2 potions of curing {unknown}


   Skills:
 + Level 1.8 Fighting
 + Level 3.8 Dodging
 + Level 6.3 Unarmed Combat
 - Level 2.0 Spellcasting
 + Level 4.5 Transmutations


You had 3 spell levels left.
You knew the following spells:

 Your Spells              Type           Power      Damage    Failure   Level
a - Beastly Appendage     Tmut           36%        N/A       2%          1
b - Wereblood             Tmut           18%        N/A       4%          2
c - Sandblast             Erth           2%         2d4       19%         1
d - Spider Form           Tmut/Pois      9%         N/A       22%         3

Your spell library contained the following spells:

 Spells                   Type           Power      Damage    Failure   Level
 Passwall                 Tmut/Erth      7%         N/A       11%         2
 Stone Arrow              Conj/Erth      2%         3d7       47%         3
 Ice Form                 Ice/Tmut       9%         N/A       56%         4


Dungeon Overview and Level Annotations

Branches:
Dungeon (5/15)             Temple (1/1) D:4

Altars:
Ashenzari
Cheibriados
Dithmenos
Elyvilon
Fedhas
Kikubaaqudgha
Makhleb
Nemelex Xobeh
Ru
Sif Muna
Trog
Vehumet
Wu Jian
Zin
The Shining One

Shops:
D:4 *

Annotations:
D:2 1 exclusion


Innate Abilities, Weirdness & Mutations

You cannot wear most types of armour.
You are amphibious.
You can wear up to eight rings at the same time.
Your skin changes colour to match your surroundings (Stealth+).
Your rubbery body absorbs attacks. (AC +1, EV +1)
((You are camouflaged when in or above water. (Stealth+)))
You have tentacles for arms and can constrict up to eight enemies at once.
Your flesh is heat resistant. (rF+)


Message History

The orc priest invokes the aid of Beogh against you.
Beogh smites you!
An orc wizard comes into view. It is wielding a +0 dagger.
The orc priest miscasts a cantrip.
The orc shouts!
You bite the orc priest!
The orc priest is poisoned.
The orc priest is heavily wounded.
The orc priest closely misses you.
You hit the orc priest.
The orc priest looks as sick as possible!
The orc priest is severely wounded.
The orc completely misses you. The orc priest misses you.
You hit the orc priest.
You kill the orc priest!
Cheibriados thoroughly appreciates the change of pace.
You hit the orc but do no damage. You hit the orc.
The orc is poisoned.
The orc is heavily wounded.
The orc hits you with a +0 club. The orc closely misses you.
Your transformation is almost over.
The orc completely misses you.
The orc wizard gestures wildly while chanting.
The orc wizard flickers and vanishes for a moment.
You hit the orc.
You kill the orc!
Cheibriados thoroughly appreciates the change of pace.
The orc warrior closely misses you.
You bite the orc warrior!
The orc warrior is poisoned.
The orc warrior is moderately wounded.
The orc warrior hits you with a +0 hand axe.
You hit the orc warrior but do no damage.
The orc warrior looks as sick as possible!
The orc warrior is moderately wounded.
The orc warrior hits you with a +0 hand axe!
The orc warrior attacks as you move away!
The orc warrior hits you with a +0 hand axe!
* * * LOW HITPOINT WARNING * * *
Your transformation has ended.
The orc warrior hits you with a +0 hand axe!
You die...

##......†.......
#######...####..
#.........#
#.#####†..#
#.#####...#
#.##......#
#.##.##..##
#.##.##.## ###
#......@##.....
####.#.o.....#
#.#.###.#.#
#.#o# ..
#.....o# ..#
........# .#
##.##.... . #
#.... #.###.


You could see an orc warrior (very poisoned), an orc wizard (invisible) and an
orc.

Vanquished Creatures
  Sigmund (D:2)
  A scorpion (D:5)
  An orc priest (D:5)
  A hound (D:4)
  2 jellies (D:4)
  3 orc wizards (D:4)
  Natasha (twice) (D:2)
  Robin (D:3)
  6 adders
  2 dart slugs
  12 orcs
  6 bats
  6 endoplasms
  7 giant cockroaches
  11 goblins
  9 hobgoblins
  11 jackals
  2 kobolds (D:3)
  4 quokkas
  2 ball pythons
  2 frilled lizards (D:1)
  4 rats
96 creatures vanquished.

Notes
Turn   | Place    | Note
-------+----------+-------------------------------------------
     0 | D:1      | capslocke the Octopode Transmuter began the quest for the
                  | Orb.
     0 | D:1      | Reached XP level 1. HP: 13/13 MP: 3/3
    73 | D:1      | Reached XP level 2. HP: 12/18 MP: 3/5
   228 | D:1      | Found a faded altar of an unknown god.
   458 | D:1      | Reached XP level 3. HP: 17/23 MP: 4/6
  1124 | D:2      | Noticed Natasha
  1144 | D:2      | Killed Natasha
  1145 | D:2      | Reached skill level 4 in Unarmed Combat
  1145 | D:2      | Reached XP level 4. HP: 13/28 MP: 5/7
  1493 | D:2      | Noticed Sigmund
  1539 | D:2      | Noticed Natasha
  1545 | D:2      | Killed Natasha
  1726 | D:3      | Reached XP level 5. HP: 24/33 MP: 6/8
  1887 | D:3      | Learned a level 2 spell: Wereblood
  1912 | D:3      | Identified the +1 leather armour of Fasit {Str+3}
  2108 | D:3      | Noticed Robin
  2123 | D:3      | Killed Robin
  2124 | D:3      | Found a shadowy altar of Dithmenos.
  2124 | D:3      | Found an ancient bone altar of Kikubaaqudgha.
  2623 | D:4      | Found a staircase to the Ecumenical Temple.
  2639 | Temple   | Entered the Ecumenical Temple
  2805 | Temple   | Became a worshipper of Cheibriados the Contemplative
  2849 | D:4      | Gained mutation: Your flesh is heat resistant. (rF+)
                  | [potion of mutation]
  2852 | D:4      | Reached skill level 5 in Unarmed Combat
  2857 | D:4      | Reached XP level 6. HP: 29/38 MP: 9/9
  3226 | D:4      | Learned a level 1 spell: Sandblast
  3666 | D:4      | Reached * piety under Cheibriados
  3675 | D:4      | Found Wicout's Fire Supplies.
  3842 | D:2      | Killed Sigmund
  3843 | D:2      | Reached skill level 6 in Unarmed Combat
  3843 | D:2      | Reached XP level 7. HP: 41/44 MP: 7/10
  3885 | D:5      | Entered Level 5 of the Dungeon
  3892 | D:5      | Learned a level 3 spell: Spider Form
  3948 | D:5      | Slain by an orc warrior

Illustrated notes

Levels and vault maps discovered:
D:1:      beargit_arrival_greenhouse, layout_basic,
          hellmonk_ecumenical_altar_pennies_from_heaven,
          nicolae_figureground_sparkle
D:2:      layout_basic, serial_glass, glass_columns_b, glass_columns_c,
          corexii_shack, uniq_sigmund, uniq_natasha
D:3:      layout_basic, gammafunk_temple_overflow_pools, uniq_robin
D:4:      layout_basic, minmay_temple_entry_mini_moons, nicolae_shop_fire_sale
          [nicolae_sub_dead_trees]
D:5:      layout_loops_cross, marbit_many_paths, uniq_duvessa
Temple:   hellmonk_temple_forest_ring

Skill      XL: |  1  2  3  4  5  6 |
---------------+-------------------+-----
Unarmed Combat | 4 5 6 |  6.3
Transmutations | 3 4 |  4.5
Dodging        | 3 |  3.8
Fighting       | |  1.8
Spellcasting   | |  2.0

Action                   |  1- 3 |  4- 6 |  7- 9 || total
-------------------------+-------+-------+-------++-------
Melee: Unarmed           |    76 |   117 |    20 ||   213
       Kick              |    23 |    27 |       ||    50
       Constrict         |    23 |    33 |       ||    56
       Tentacles         |    12 |    21 |       ||    33
       Punch             |     1 |     6 |       ||     7
 Cast: Beastly Appendage |    18 |    22 |       ||    40
       Wereblood         |       |     6 |       ||     6
       Spider Form       |       |       |     2 ||     2
  Use: Scroll            |     3 |       |       ||     3
       Potion            |       |     2 |       ||     2
 Stab: Sleeping          |     3 |     5 |     1 ||     9
Armor: Skin              |     4 |     1 |     1 ||     6
Dodge: Dodged            |    53 |    54 |    14 ||   121

Table legend: (Time is in decaauts)
 A = Elapsed time spent in this place.
 B = Non-inter-level travel time spent in this place.
 C = Inter-level travel time spent in this place.
 D = Time resting spent in this place.
 E = Time spent auto-exploring this place.
 F = Levels seen in this place.
 G = Mean time per level.
                   A        B        C        D        E       F      G
               +--------+--------+--------+--------+--------+-----+--------+
         Total |   4200 |   3904 |    296 |    684 |   2457 |   6 |  700.0 |
       Dungeon |   4023 |   3761 |    262 |    684 |   2325 |   5 |  804.6 |
        Temple |    176 |    143 |     33 |      0 |    132 |   1 |  176.0 |
               +--------+--------+--------+--------+--------+-----+--------+

Top non-repeatable levels by time:
     D:4: 1498 daAuts
     D:1: 996 daAuts
     D:3: 773 daAuts
     D:2: 685 daAuts
  Temple: 176 daAuts
     D:5: 70 daAuts
